AoeStats
← Masolas

Arabia

509776449Analyzed
3v3 RM · 5d ago on Sep 28, 2026· 61m 19s· 6 players
Game mode
Random Map
Map size
Normal (6 player)
Population
200
Speed
Normal
Resources
Standard
Victory
Conquest
Starting age
Dark Age
Ending age
Imperial Age
RankedLock teamsTeams togetherTeam positionsShared explorationLock speedFull tech treeHidden civsTurbo modeCheats
Victory
Defeat
🇺🇸 Armenians · United States
1031
+12
🇨🇦 Varangians · Canada
1015
+13
🇺🇸 Burmese · United States
928
+17
🇨🇦 Britons · Canada
974
-15
🇨🇦 Koreans · Canada
938
-14
🇨🇦 Wei · Canada
929
-13
Masolas
7:10 Loom
9:40 Feudal Age
10:50 Double-Bit Axe
19:47 Fletching
21:19 Padded Archer Armor
25:25 Castle Age
25:29 Crossbowman
26:07 Bodkin Arrow
27:15 Scale Barding Armor
27:10 Horse Collar
34:43 Heavy Plow
34:56 Bow Saw
42:41 Imperial Age
40:52 Wheelbarrow
41:31 Ballistics
41:22 Masonry
41:57 Guard Tower
43:19 Hand Cart
42:55 Town Watch
43:27 Leather Archer Armor
43:33 Chain Barding Armor
46:07 Bracer
46:44 Ring Archer Armor
45:41 Arbalester
47:29 Conscription
48:57 Town Patrol
cargoyle
7:56 Loom
10:44 Feudal Age
18:24 Double-Bit Axe
18:22 Horse Collar
22:38 Castle Age
23:40 Crossbowman
24:29 Fletching
26:14 Bodkin Arrow
29:18 Wheelbarrow
36:36 Hand Cart
36:58 Bow Saw
36:52 Heavy Plow
36:44 Gold Mining
37:53 Pikeman
41:35 Imperial Age
39:07 Pikeman
42:01 Halberdier
42:08 Heavy Rocket Cart
44:14 Two-Man Saw
45:46 Arbalester
NeoZenith
7:58 Loom
11:51 Feudal Age
12:20 Double-Bit Axe
13:53 Wheelbarrow
15:16 Bloodlines
24:23 Castle Age
25:21 Husbandry
29:21 Forging
29:16 Scale Barding Armor
31:50 Bow Saw
47:08 Imperial Age
49:15 Heavy Hei Guang Cavalry
BarracksObama
7:25 Loom
10:47 Feudal Age
15:02 Castle Age
26:26 Wheelbarrow
25:40 Town Watch
27:54 Gold Mining
32:24 Imperial Age
33:11 Scale Barding Armor
33:17 Forging
33:08 Scale Mail Armor
37:23 Horse Collar
39:08 Chain Barding Armor
39:24 Iron Casting
42:14 Plate Barding Armor
42:40 Blast Furnace
45:50 Fletching
46:01 Padded Archer Armor
47:38 Devotion
49:59 Bodkin Arrow
Vk_Kellen
10:44 Feudal Age
10:49 Man-at-Arms
12:37 Scale Mail Armor
12:55 Long Swordsman
13:52 Arson
18:09 Padded Archer Armor
18:00 Fletching
18:29 Double-Bit Axe
18:48 Horse Collar
22:50 Fletching
30:37 Castle Age
32:01 Elite Skirmisher
34:15 Bow Saw
35:52 Leather Archer Armor
41:31 Bodkin Arrow
44:37 Pikeman
45:20 Squires
47:37 Chain Mail Armor
47:32 Forging
49:53 Halberdier
50:50 Forging
55:41 Iron Casting
60:19 Imperial Age
nightinglass
6:06 Loom
8:49 Feudal Age
10:15 Double-Bit Axe
14:31 Bloodlines
19:49 Castle Age
18:36 Scale Barding Armor
18:41 Forging
18:15 Horse Collar
18:28 Gold Mining
19:07 Scale Mail Armor
20:03 Arson
21:35 Bow Saw
21:31 Squires
22:31 Gambesons
24:17 Wheelbarrow
23:28 Town Watch
27:05 Chain Mail Armor
28:16 Heavy Plow
30:47 Fletching
30:58 Padded Archer Armor
35:30 Imperial Age
37:13 Elite Skirmisher
37:56 Elite Varangian Guard
39:35 Bodkin Arrow
39:56 Leather Archer Armor
41:02 Plate Mail Armor
41:19 Bracer
41:41 Ballistics
48:04 Ring Archer Armor
48:10 Iron Casting
50:23 Conscription
52:08 Chemistry
57:29 Blast Furnace
Connection lost

Rejoining the realm…

Still unreachable

The connection could not be restored.

Session expired

The server has moved on; the page needs a fresh start.